 Dungeon Crawl Stone Soup version 0.31-a0-231-g51bb95cda3 (webtiles) character file.

Game seed: 2300718828694131359

176 qw the Shooter (level 5, 0/46 HPs)
             Began as a Minotaur Hexslinger on July 6, 2023.
             Slain by a kobold brigand
             ... wielding a +0 short sword
              (3 damage)
             ... in a sewer.
             The game lasted 00:00:40 (1521 turns).

qw the Shooter (Minotaur Hexslinger)                Turns: 1521, Time: 00:00:41

Health: 0/46       AC:  4    Str: 11 (12) XL:     5   Next: 30%
Magic:  5/5        EV: 12    Int: 10      God:
Gold:   165        SH:  0    Dex: 14 (15) Spells: 5/6 levels left

rFire   . . .        l - +1 sling (heavy)
rCold   . . .        (no shield)
rNeg    . . .        g - +0 leather armour
rPois   .            (helmet restricted)
rElec   .            c - +0 cloak
rCorr   +            (no gloves)
SInv    .            (no boots)
Will    .....        k - amulet of regeneration
Stlth   +            h - ring of resist corrosion
HPRegen 1.07/turn    (no ring)
MPRegen 0.09/turn

%: no passive effects
@: no status effects
A: horns 2, retaliatory headbutt
a: no special abilities


You were in a sewer.
You visited 1 branch of the dungeon, and saw 3 of its levels.
You also visited: Sewer.

You collected 165 gold pieces.


Innate Abilities, Weirdness & Mutations

You have a pair of horns on your head.
You reflexively headbutt those who attack you in melee.


   Skills:
 - Level 4.0 Fighting
 + Level 5.0 Ranged Weapons
 - Level 2.1 Dodging
 - Level 1.0 Spellcasting
 - Level 2.0 Hexes


You had 5 spell levels left.
You knew the following spells:

 Your Spells              Type           Power      Damage    Failure   Level
a - Slow                  Hex            16%        N/A       21%         1

Your spell library contained the following spells:

 Spells                   Type           Power      Damage    Failure   Level
 Inner Flame              Hex/Fire       2%         N/A       65%         3
 Portal Projectile        Hex/Tloc       4%         N/A       65%         3
 Cause Fear               Hex            2%         N/A       89%         4

Inventory:

Hand Weapons
 l - a +1 heavy sling (weapon)
Armour
 c - a +0 cloak (worn)
 g - a +0 leather armour (worn)
Jewellery
 f - a ring of fire
 h - a ring of resist corrosion (left hand)
 k - an amulet of regeneration (around neck)
Potions
 a - a potion of haste {unknown}
 d - a potion of enlightenment {unknown}
 i - a potion of magic {unknown}
 j - a potion of lignification {unknown}
 m - a potion of mutation {unknown}

Dungeon Overview and Level Annotations

Branches:
Dungeon (3/15)              Sewer (1/1)

Altars:

Shops:
D:2 [


Message History

The kobold brigand hits you with a +0 dagger.
The kobold throws a stone.
The stone closely misses you.
You shoot a sling bullet.
The sling bullet hits the kobold brigand.
The kobold brigand is heavily wounded.
The kobold brigand closely misses you.
The kobold brigand hits you with a +0 short sword.
The kobold brigand hits you with a +0 dagger.
The kobold brigand hits you with a +0 short sword.
The kobold barely misses you.
You shoot a sling bullet.
The sling bullet hits the kobold brigand.
The kobold brigand is severely wounded.
The kobold brigand hits you with a +0 dagger.
The kobold brigand hits you with a +0 short sword.
The kobold hits you but does no damage.
The kobold brigand hits you but does no damage.
You shoot a sling bullet.
The sling bullet hits the kobold brigand!
You kill the kobold brigand!
You hear a splash. x2
The kobold brigand hits you with a +0 short sword.
The kobold hits you but does no damage. The kobold hits you with a +0 whip.
The kobold brigand hits you with a +0 short sword.
You feel your strength returning.
You feel your intelligence returning.
Your Fighting skill gained 2 levels and is now at level 4!
You have reached level 5!
You shoot a sling bullet.
The sling bullet closely misses the kobold brigand.
The kobold brigand hits you but does no damage.
The kobold brigand closely misses you. You furiously retaliate!
You headbutt the kobold brigand! You shoot a sling bullet.
The sling bullet barely misses the kobold brigand.
The kobold hits you but does no damage. The kobold closely misses you.
The kobold brigand misses you. You furiously retaliate!
You headbutt the kobold brigand, but do no damage.
The kobold closely misses you. The kobold hits you with a +0 dagger.
The kobold brigand hits you with a +0 short sword.
You die...

### ##### #\. ####
##...###### # #
###..###....%.#### #..#.
#...............##
#.....#K.............%%.
#....K@.............%..
#.....#K~~~..~~.........
#?.#. #~~~~~~~~~~~~.....
# # #~~~~~~~~~~~~~.~..
#~~~~~~~~~~~~~~.~.
~~~~~~~~~~~~~~~~~~
~#~~~~~~~~~~~~~~~~~
~~~~~~~~~~


You could see a kobold brigand and 2 kobolds.

Vanquished Creatures
  A kobold brigand (Sewer)
  3 adders
  4 river rats
  A worm (D:2)
  5 ball pythons
  3 bats
  3 giant cockroaches
  A hobgoblin (D:1)
  4 kobolds (Sewer)
  A quokka (D:1)
  3 frilled lizards (D:2)
  7 goblins
  11 rats
47 creatures vanquished.

Notes
Turn   | Place    | Note
-------+----------+-------------------------------------------
     0 | D:1      | qw the Minotaur Hexslinger began the quest for the Orb.
     0 | D:1      | Reached XP level 1. HP: 16/16 MP: 1/1
     0 | D:1      | 0 ||| qw: Version: 0.3-a-46-gb1f654a
     0 | D:1      | 0 ||| qw: Game counter: 1841
     0 | D:1      | 0 ||| qw: Melee chars always use a shield: true
     0 | D:1      | 0 ||| qw: God list: Okawaru
     0 | D:1      | 0 ||| qw: Allow faded altars: false
     0 | D:1      | 0 ||| qw: Do Orc after clearing Dungeon:15 true
     0 | D:1      | 0 ||| qw: Do second Lair branch before Depths: true
     0 | D:1      | 0 ||| qw: Lair rune preference: random
     0 | D:1      | 0 ||| qw: Goals: Normal
     0 | D:1      | 0 ||| PLANNING D:1-11
   261 | D:1      | Reached skill level 3 in Ranged Weapons
   262 | D:1      | Reached XP level 2. HP: 23/23 MP: 2/2
   620 | D:1      | 620 ||| UPGRADING to +0 leather armour.
   630 | D:1      | 630 ||| DROPPING +0 robe.
   631 | D:1      | 631 ||| UPGRADING to ring of resist corrosion.
   632 | D:1      | 632 ||| DRINKING 2 golden potions.
   633 | D:1      | 633 ||| DROPPING scroll of poison.
   634 | D:1      | 634 ||| DROPPING potion of degeneration.
   788 | D:2      | Found Fobank's Antique Armour Shoppe.
   798 | D:2      | Reached XP level 3. HP: 29/29 MP: 3/3
   801 | D:2      | 801 ||| SHOPLISTING pair of boots (126 gold, have 109).
   801 | D:2      | 801 ||| SHOPLISTING ring mail (112 gold, have 109).
   976 | D:2      | Reached skill level 4 in Ranged Weapons
  1133 | D:2      | Found a faded altar of an unknown god.
  1282 | D:2      | 1282 ||| UPGRADING to +0 cloak.
  1287 | D:2      | 1287 ||| UPGRADING to amulet of regeneration.
  1292 | D:2      | 1292 ||| READING scroll labelled QUIPAC LODA.
  1297 | D:2      | 1297 ||| READING scroll labelled VURINANWOA.
  1298 | D:2      | 1298 ||| READING scroll labelled VOTAET IHUASU.
  1328 | D:3      | Found a glowing drain.
  1329 | D:3      | 1329 ||| PLANNING SEWER
  1329 | D:3      | 1329 ||| STAIRDANCE
  1333 | D:3      | 1333 ||| STAIRDANCE
  1341 | D:3      | 1341 ||| STAIRDANCE
  1345 | D:3      | 1345 ||| STAIRDANCE
  1358 | D:3      | Reached XP level 4. HP: 36/36 MP: 4/4
  1364 | Sewer    | Entered a sewer
  1494 | Sewer    | Reached skill level 5 in Ranged Weapons
  1511 | Sewer    | Noticed a kobold brigand
  1511 | Sewer    | Noticed a kobold brigand
  1518 | Sewer    | HP: 9/37 [kobold brigand/+0 short sword (4)]
  1519 | Sewer    | Killed a kobold brigand
  1519 | Sewer    | HP: 4/37 [kobold/+0 whip (3)]
  1519 | Sewer    | HP: 1/37 [kobold brigand/+0 short sword (3)]
  1520 | Sewer    | Reached XP level 5. HP: 1/46 MP: 5/5
  1521 | Sewer    | Slain by a kobold brigand

Levels and vault maps discovered:
D:1:      wander_arrival_estate, layout_loops_ring
D:2:      layout_rooms, hellmonk_ecumenical_altar_pennies_from_heaven,
          serial_shops, shop_statue, grunt_decor_junction,
          kennysheep_generic_room_12
D:3:      layout_basic, elyvilon_altar_1, portal_sewer_entry_a, serial_shops,
          shop, minmay_goblin_outpost, uniq_natasha
Sewer:    sewer_minmay_treatment

Skill      XL: |  1  2  3  4 |
---------------+-------------+-----
Ranged Weapons | 3 4 5 |  5.0
Fighting       | 2 4 |  4.0
Dodging        | |  2.1
Spellcasting   | |  1.0
Hexes          | |  2.0

Action                     |  1- 3 |  4- 6 || total
---------------------------+-------+-------++-------
   Fire: Sling             |   108 |    54 ||   162
    Use: Potion            |     1 |       ||     1
         Scroll            |     3 |       ||     3
 Armour: Leather armour    |    11 |    17 ||    28
  Dodge: Dodged            |    35 |    33 ||    68

Table legend:
 A = Non-vault XP
 B = Vault XP
 C = Vault XP percentage of total XP
 D = Non-vault monster count
 E = Vault monster count
 F = Vault count percentage of total count
                 A         B        C        D         E       F
            +---------+---------+-------+---------+---------+-------
      Total |      72 |     180 |  71.4 |      28 |      19 |  40.4
            +---------+---------+-------+---------+---------+-------
        D:1 |      22 |       0 |   0.0 |      14 |       0 |   0.0
        D:2 |      50 |      13 |  20.6 |      14 |       1 |   6.7
        D:3 |       0 |      13 | 100.0 |       0 |       1 | 100.0
      Sewer |       0 |     154 | 100.0 |       0 |      17 | 100.0
            +---------+---------+-------+---------+---------+-------
